 Dungeon Crawl Stone Soup version 0.32-a0-20-ge526923d97 (webtiles) character file.

Game seed: 9853419969335045424

29 BigPumpCobain the Cudgeller (level 3, -1/49 HPs)
             Began as a Minotaur Berserker on Jan 17, 2024.
             Was a Follower of Trog.
             Slain by a ribbon worm (8 damage)
             ... on level 3 of the Dungeon.
             The game lasted 00:01:26 (696 turns).

BigPumpCobain the Cudgeller (Minotaur Berserker)     Turns: 696, Time: 00:01:26

Health: -1/49      AC:  2    Str: 23    XL:     3   Next: 1%
Magic:  2/2        EV: 12    Int:  4    God:    Trog [*.....]
Gold:   58         SH:  0    Dex:  9    Spells: 2/2 levels left

rFire   . . .        a - +0 mace
rCold   . . .        (no shield)
rNeg    . . .        b - +0 animal skin
rPois   .            (helmet restricted)
rElec   .            (no cloak)
rCorr   .            (no gloves)
SInv    .            (no boots)
Will    .....        (no amulet) Stlth
                     (no ring)
HPRegen 0.28/turn    (no ring)
MPRegen 0.08/turn

%: no passive effects
@: berserking, very quick
A: horns 2, retaliatory headbutt
a: Renounce Religion, Berserk


You were on level 3 of the Dungeon.
You worshipped Trog.
Trog was aware of your devotion.
You visited 1 branch of the dungeon, and saw 3 of its levels.

You collected 58 gold pieces.

Inventory:

Hand Weapons
 a - a +0 mace (weapon)
Armour
 b - a +0 animal skin (worn)
Scrolls
 c - a scroll of brand weapon {unknown}
 e - a scroll of vulnerability {unknown}
 f - a scroll of blinking {unknown}
 g - a scroll of acquirement {unknown}
 i - a scroll of teleportation {unknown}
 j - a scroll of enchant armour {unknown}
Potions
 d - 2 potions of enlightenment {unknown}
 h - a potion of curing {unknown}


   Skills:
 + Level 4.0 Fighting
 * Level 4.2 Maces & Flails
 + Level 2.9 Armour
 + Level 2.6 Dodging


You had 2 spell levels left.
You didn't know any spells.
Your spell library was empty.

Dungeon Overview and Level Annotations

Branches:
Dungeon (3/15)

Altars:

Annotations:
D:2 Terence


Innate Abilities, Weirdness & Mutations

You have a pair of horns on your head.
You reflexively headbutt those who attack you in melee.


Message History

You climb downwards.
The orc shouts!
You hear a shout!
There is a stone staircase leading up here.
You barely miss the goblin. The goblin closely misses you.
A quokka comes into view.
An orc comes into view. It is wielding a +0 club.
You closely miss the goblin. The goblin hits you with a +0 club.
* * * LOW HITPOINT WARNING * * *
The ribbon worm bites you.
* * * LOW HITPOINT WARNING * * *
The goblin hits you but does no damage.
You closely miss the goblin. You headbutt the goblin.
You kill the goblin!
Trog accepts your kill.
Your Fighting skill increases to level 4!
You have reached level 3!
Your experience leads to an increase in your attributes!
Increase (S)trength, (I)ntelligence, or (D)exterity?
You feel stronger. x2
A red film seems to cover your vision as you go berserk!
You feel yourself moving faster!
You feel mighty!
The ribbon worm expels a string of sticky webbing.
The stream of webbing hits you but does no damage.
You are caught in a web!
The ribbon worm expels a string of sticky webbing.
The stream of webbing hits you but does no damage.
You are even more entangled.
An orc comes into view. It is wielding a +0 falchion.
You are too injured to fight recklessly!
You feel a strong urge to attack something.
The orc shouts!
An orc comes into view. It is wielding a +0 falchion.
The ribbon worm barely misses you. You furiously retaliate!
You headbutt the ribbon worm.
The orc shouts!
You sock the ribbon worm!
You kill the ribbon worm!
Trog accepts your kill. The ribbon worm bites you!
You die...

#
..##.####
......w)#
#@# #.#
#.# #o#
#o#


or. .o. ... You could see a ribbon worm (catching breath), 4 orcs and a quokka.

Vanquished Creatures
  A dart slug (D:1)
  A ribbon worm (D:3)
  4 bats (D:1)
  2 endoplasms (D:1)
  A giant cockroach (D:1)
  5 hobgoblins (D:1)
  A kobold (D:1)
  A quokka (D:1)
  3 ball pythons (D:1)
  4 goblins
  A rat (D:1)
24 creatures vanquished.

Notes
Turn   | Place    | Note
-------+----------+-------------------------------------------
     0 | D:1      | BigPumpCobain the Minotaur Berserker began the quest for
                  | the Orb.
     0 | D:1      | Reached XP level 1. HP: 19/19 MP: 0/0
   166 | D:1      | Reached XP level 2. HP: 25/27 MP: 1/1
   683 | D:2      | Noticed Terence
   694 | D:3      | Reached XP level 3. HP: 4/33 MP: 2/2
   696 | D:3      | Slain by a ribbon worm

Illustrated notes

Levels and vault maps discovered:
D:1:      amcnicky_arrival_feature_with_door, layout_rooms, bh_walls_and_bars
D:2:      layout_rooms, serial_co_window_serial, co_window_corner_a,
          co_window_corner_a, co_window_paths_a, co_window_corner_a,
          co_window_paths_a, co_window_of_opportunity_a, co_window_broadway_b,
          co_window_broadway_b, co_window_broadway_b, co_window_corner_cb,
          co_window_2corner, glass_columns_b, uniq_terence, uniq_natasha
D:3:      layout_loops_ring, shapermc_ecumenical_altar_mp_highgroup,
          minmay_circle_x

Skill      XL: |  1  2 |
---------------+-------+-----
Maces & Flails | 4 |  4.2
Fighting       | 4 |  4.0
Armour         | |  2.9
Dodging        | |  2.6

Action                     || total
---------------------------++-------
  Melee: Mace              ||    50
         Headbutt          ||     6
 Invoke: Berserk           ||     1
 Armour: Animal skin       ||    26
  Dodge: Dodged            ||    29

Table legend: (Time is in decaauts)
 A = Elapsed time spent in this place.
 B = Non-inter-level travel time spent in this place.
 C = Inter-level travel time spent in this place.
 D = Time resting spent in this place.
 E = Time spent auto-exploring this place.
 F = Levels seen in this place.
 G = Mean time per level.
                   A        B        C        D        E       F      G
               +--------+--------+--------+--------+--------+-----+--------+
         Total |    705 |    665 |     40 |      0 |    539 |   3 |  235.0 |
       Dungeon |    705 |    665 |     40 |      0 |    539 |   3 |  235.0 |
               +--------+--------+--------+--------+--------+-----+--------+

Top non-repeatable levels by time:
     D:1: 690 daAuts
     D:2: 8 daAuts
     D:3: 6 daAuts
